 Dungeon Sprint DCSS version 0.30-a0-1161-g0704695555 (webtiles) character file.

Game seed: 12697698035254633928

60 fozzywoppz the Sneak (level 3, -3/16 HPs)
             Began as a Spriggan Enchanter on Apr 28, 2023.
             Slain by a water elemental (19 damage)
             ... in the Dungeon (Sprint III: "The Ten Rune Challenge").
             The game lasted 00:02:11 (162 turns).

fozzywoppz the Sneak (Spriggan Enchanter)            Turns: 162, Time: 00:02:12

Health: -3/16      AC:  2    Str:  4    XL:     3   Next: 82%
Magic:  6/9        EV: 20    Int: 16    God:
Gold:   24         SH:  0    Dex: 17    Spells: 2/10 levels left

rFire   . . .        a - +1 dagger
rCold   . . .        (no shield)
rNeg    . . .        b - +0 robe
rPois   .            (helmet restricted)
rElec   .            (no cloak)
rCorr   .            (gloves unavailable)
SInv    +            (boots unavailable)
Will    .....        (no amulet)
Stlth   ++++         (no ring)
HPRegen 0.22/turn    (no ring)
MPRegen 0.11/turn

%: no teleportation
@: very quick
A: very small, no large weapons, unfitting armour, see invisible, speed 3
a: no special abilities


You were in the Dungeon.
You visited 1 branch You collected 24 gold pieces.

Inventory:

Hand Weapons
 a - a +1 dagger (weapon)
Armour
 b - a +0 robe (worn)
Scrolls
 i - a scroll of blinking
 l - 2 scrolls of poison {unknown}
 m - a scroll of acquirement {unknown}
 o - 2 scrolls of identify
Potions
 c - 2 potions of invisibility
 d - a potion of curing
 e - a potion of heal wounds
 f - a potion of haste
 g - 2 potions of magic
 h - a potion of berserk rage
 j - a potion of lignification {unknown}
 k - a potion of degeneration {unknown}
 n - 2 potions of flight {unknown}
 p - 6 potions of mutation


   Skills:
 + Level 4.0 Short Blades
 + Level 5.7 Dodging
 + Level 7.2 Stealth
 - Level 4.0 Spellcasting
 - Level 5.0 Hexes


You had 2 spell levels left.
You knew the following spells:

 Your Spells              Type           Power      Damage    Failure   Level
a - Ensorcelled Hibernat  Hex/Ice        22%        N/A       9%          2
b - Confusing Touch       Hex            19%        N/A       6%          3
c - Tukima's Dance        Hex            19%        N/A       6%          3

Your spell library contained the following spells:

 Spells                   Type           Power      Damage    Failure   Level
 Dazzling Flash           Conj/Hex       22%        N/A       19%         3


Dungeon Overview and Level Annotations

Branches:
Dungeon (1/1)

Altars:


Innate Abilities, Weirdness & Mutations

You are very small and have problems with some larger weapons.
You are too small for most types of armour.
You have supernaturally acute eyesight. (SInv)
You cover ground extremely quickly. (Speed+++)


Message History

Things that are here:
a potion of mutation; 2 potions of mutation
p - a potion of mutation;
p - 3 potions of mutation (gained 2)
p - 4 potions of mutation (gained 1);
p - 6 potions of mutation (gained 2)
There is an open door here.
You open the door.
A water elemental comes into view.
Casting: Ensorcelled Hibernation (safe; 9% risk of failure)
Confirm with . or Enter, or press ? or * to list all spells.
You can't see any susceptible monsters within range! (Use Z to cast anyway.)
Casting: Ensorcelled Hibernation (safe; 9% risk of failure)
Confirm with . or Enter, or press ? or * to list all spells.
The spell is extremely dangerous to miscast (6% risk of failure)!
Continue anyway?
Okay, then.
Casting: Confusing Touch (extremely dangerous; 6% risk of failure)
Confirm with . or Enter, or press ? or * to list all spells.
The spell is extremely dangerous to miscast (6% risk of failure)!
Continue anyway? [Y]es or [N]o only, please.
The spell is extremely dangerous to miscast (6% risk of failure)!
Continue anyway?
Your hands begin to glow red.
You hit the water elemental but do no damage.
The water elemental is completely immune to your confusing touch!
Your hands stop glowing.
The water elemental misses you.
You hit the water elemental.
The water elemental is lightly damaged.
The water elemental misses you.
You hit the water elemental but do no damage.
The water elemental is lightly damaged.
You hit the water elemental but do no damage.
The water elemental is lightly damaged.
The water elemental barely misses you.
You hit the water elemental.
The water elemental is lightly damaged.
The water elemental misses you.
You hit the water elemental.
The water elemental is moderately damaged.
The water elemental hits you!!
Ouch! That really hurt!
You die...

▓▓▓▓▓▓▓▓ ▓▓▓ <..#...####
##.# ...#..†...#####..#
..##.......#..#..#
##.##.##...#..#..# #+#+#
##.##.###..##'#..#......
#.####.##..###..@E.⌠....
.###..##..####†..#...###
#.....##..###....# ⌠.#
###..##)..##.....# .#
##†.##....#......# #
#..###..##.#..†..# #..#
#..#####....# ▓▓▓▓ ▓▓▓▓
▓▓▓▓▓▓


You could see a water elemental.

Vanquished Creatures
  Jessica (D)
  A human (D)
  A wolf (D)
  An endoplasm (D)
  2 rats (D)
6 creatures vanquished.

Notes
Turn   | Place    | Note
-------+----------+-------------------------------------------
     0 | D        | fozzywoppz the Spriggan Enchanter began the quest for the
                  | Orb.
     0 | D        | Reached XP level 1. HP: 9/9 MP: 5/5
    41 | D        | Noticed Jessica
    45 | D        | Killed Jessica
    46 | D        | Reached skill level 6 in Stealth
    46 | D        | Reached XP level 2. HP: 13/13 MP: 6/8
    46 | D        | Reached XP level 3. HP: 16/16 MP: 6/9
    57 | D        | Learned a level 2 spell: Ensorcelled Hibernation
    61 | D        | Learned a level 3 spell: Confusing Touch
    65 | D        | Learned a level 3 spell: Tukima's Dance
    72 | D        | Reached skill level 5 in Dodging
    72 | D        | Reached skill level 5 in Hexes
    77 | D        | Reached skill level 7 in Stealth
   155 | D        | Noticed a water elemental
   162 | D        | Slain by a water elemental

Illustrated notes

Levels and vault maps discovered:
D:        dungeon_sprint_mu [sprint_mu_entry_cave, sprint_mu_temple_rooms,
          sprint_mu_d1_horrors, sprint_mu_d2_genie, sprint_mu_d3_branching,
          sprint_mu_orc_legion, sprint_mu_elf_gauntlet, sprint_mu_hive_nellie,
          sprint_mu_lair_fedhas, sprint_mu_vaults_butterflies,
          sprint_mu_slime_circle, sprint_mu_shoals_kraken,
          sprint_mu_snake_twists, sprint_mu_blade_basic, sprint_mu_crypt_lich,
          sprint_mu_tomb_spiral, sprint_mu_vestibule_basic,
          sprint_mu_gehenna_hellfire, sprint_mu_dis_giant,
          sprint_mu_tartarus_statrot, sprint_mu_cocytus_islands, sprint_mu_zot1]

Skill      XL: |  1  2  3 |
---------------+----------+-----
Dodging        | 4 5 |  5.7
Spellcasting   | 4 |  4.0
Short Blades   | 3 4 |  4.0
Stealth        | 6 7 |  7.2
Hexes          | 4 5 |  5.0

Action                     || total
---------------------------++-------
  Melee: Dagger            ||    14
   Cast: Ensorcelled Hiber ||     2
         Confusing Touch   ||     1
   Stab: Sleeping          ||     4
  Dodge: Dodged            ||     8

Table legend: (Time is in decaauts)
 A = Elapsed time spent in this place.
 B = Non-inter-level travel time spent in this place.
 C = Inter-level travel time spent in this place.
 D = Time resting spent in this place.
 E = Time spent auto-exploring this place.
 F = Levels seen in this place.
 G = Mean time per level.
                   A        B        C        D        E       F      G
               +--------+--------+--------+--------+--------+-----+--------+
         Total |    135 |    135 |      0 |     61 |      0 |   1 |  135.0 |
       Dungeon |    135 |    135 |      0 |     61 |      0 |   1 |  135.0 |
               +--------+--------+--------+--------+--------+-----+--------+

Top non-repeatable levels by time:
       D: 135 daAuts
